 Dungeon Crawl Stone Soup version 0.26.0-16-gc1dbca0489 (webtiles) character file.

Game seed: 201338841377600366

2 EnegeticOcto the Insei (level 1, -1/17 HPs)
             Began as a Gnoll Transmuter on Jan 18, 2021.
             Slain by a gnoll
             ... wielding a +0 club
              (4 damage)
             ... on level 2 of the Dungeon.
             The game lasted 00:00:21 (55 turns).

EnegeticOcto the Insei (Gnoll Transmuter)             Turns: 55, Time: 00:00:22

Health: -1/17      AC:  2    Str: 12    XL:     1   Next: 40%
Magic:  6/6        EV:  7    Int: 15    God:
Gold:   0          SH:  0    Dex: 15    Spells: 8/9 levels left

rFire    . . .     SeeInvis .     - Unarmed
rCold    . . .     Faith    .   (no shield)
rNeg     . . .     Spirit   .   a - +0 robe
rPois    .         Reflect  .   (no helmet)
rElec    .         Harm     .   (no cloak)
rCorr    .         Rampage  .   (no gloves)
Will     .....                  (no boots)
Stlth    +.........             (no amulet)
HPRegen  0.05/turn              (no ring)
MPRegen  0.10/turn              (no ring)

@: held
A: distributed training, fangs 1, strong nose
a: no special abilities


You were on level 2 of the Dungeon.
You visited 1 branch of the dungeon, and saw 2 of its levels.

Inventory:

Armour
 a - a +0 robe (worn)
Scrolls
 b - a scroll of fog {unknown}


   Skills:
 + Level 2.3 Fighting
 + Level 0.0 Short Blades
 + Level 0.0 Long Blades
 + Level 0.0 Axes
 + Level 0.0 Maces & Flails
 + Level 0.0 Polearms
 + Level 0.0 Staves
 + Level 0.0 Slings
 + Level 0.0 Bows
 + Level 0.0 Crossbows
 + Level 0.0 Throwing
 + Level 0.0 Armour
 + Level 4.4 Dodging
 + Level 0.0 Stealth
 + Level 0.0 Shields
 + Level 6.4 Unarmed Combat
 + Level 4.8 Spellcasting
 + Level 0.0 Conjurations
 + Level 0.0 Hexes
 + Level 0.0 Summonings
 + Level 0.0 Necromancy
 + Level 0.0 Translocations
 + Level 3.6 Transmutations
 + Level 0.0 Fire Magic
 + Level 0.0 Ice Magic
 + Level 0.0 Air Magic
 + Level 0.0 Earth Magic
 + Level 0.0 Poison Magic
 + Level 0.1 Invocations
 + Level 0.0 Evocations


You had 8 spell levels left.
You knew the following spells:

 Your Spells              Type           Power        Failure   Level
a - Beastly Appendage     Tmut           28%          3%          1

Your spell library contained the following spells:

 Spells                   Type           Power        Failure   Level
 Wereblood                Tmut           14%          5%          2
 Spider Form              Tmut/Pois      4%           24%         3
 Ice Form                 Ice/Tmut       9%           61%         4
 Blade Hands              Tmut           7%           71%         5


Dungeon Overview and Level Annotations

Branches:
Dungeon (2/15)

Altars:


Innate Abilities, Weirdness & Mutations

Your experience applies equally to all skills.
You have very sharp teeth.
Your uncanny sense of smell can sniff out nearby items.


Message History

Welcome, EnegeticOcto the Gnoll Transmuter.
The bosom of this dungeon contains the fabled artefact, the Orb of Zot.
Press ? for a list of commands and other information.
Found a staircase leading out of the dungeon.
Found a scroll labelled DOHOHU LA XEPN.
A frilled lizard comes into view.
You miss the frilled lizard. The frilled lizard closely misses you.
You closely miss the frilled lizard. The frilled lizard closely misses you.
You barely miss the frilled lizard. The frilled lizard barely misses you.
You closely miss the frilled lizard.
The frilled lizard unfolds its giant frill.
The frilled lizard completely misses you.
You hit the frilled lizard.
You kill the frilled lizard!
You see here a frilled lizard corpse.
b - a scroll labelled DOHOHU LA XEPN A bat comes into view.
A bat comes into view.
The bat misses you.
You hit the bat.
You kill the bat!
No target in view!
A ball python comes into view.
The ball python hisses angrily.
You closely miss the ball python. Your bite misses the ball python.
The ball python bites you. The ball python closely misses you.
You hit the ball python.
You kill the ball python!
No target in view!
Found a stone staircase leading down.
The bat hits you. The bat barely misses you. The bat closely misses you.
You barely miss the bat. Your bite misses the bat. The bat misses you.
You completely miss the bat. The bat hits you but does no damage.
You punch the bat!
You kill the bat!
A dart slug comes into view.
Found 8 gold pieces.
The dart slug launches a dart at you. The slug dart hits you!
A goblin comes into view. It is wielding a +0 dagger.
The dart slug launches a dart at you. The slug dart hits you.
* * * LOW HITPOINT WARNING * * *
Found a leather armour and a ring mail.
A dart slug comes into view.
There is a stone staircase leading down here.
You climb downwards. 2 gnolls come into view.
Found a scroll labelled GURCHY KEAWN and a pair of gloves.
There is a stone staircase leading up here.
The gnoll shouts!
A worm comes into view.
A gnoll comes into view. It is wielding a +0 club.
The gnoll moves out of view.
The gnoll shouts!
The gnoll hits you with a +0 club.
* * * LOW HITPOINT WARNING * * *
You hit the gnoll. You punch the gnoll. You bite the gnoll.
The gnoll is moderately wounded.
A hobgoblin comes into view.
You closely miss the gnoll.
The gnoll is moderately wounded.
The hobgoblin shouts!
The gnoll throws a throwing net.
The throwing net hits you.
You become entangled in the net!
The gnoll hits you with a +0 club.
You die...

..### .....
#####.... .....
........### ......
...g..w...##......
...........#......
..............[...
..................
g..g..g@..........
..................
.......<.#....#.#.
........###......
##..?..## .......
#.#.## ###....
#.#. #.#. # .. .#
#


You could see a worm, 3 gnolls and a hobgoblin.

Vanquished Creatures
  A ball python (D:1)
  2 bats (D:1)
  A frilled lizard (D:1)
4 creatures vanquished.

Notes
Turn   | Place    | Note
-------+----------+-------------------------------------------
     0 | D:1      | EnegeticOcto the Gnoll Transmuter began the quest for the
                  | Orb.
     0 | D:1      | Reached XP level 1. HP: 17/17 MP: 6/6
    55 | D:2      | Slain by a gnoll

Illustrated notes

Levels and vault maps discovered:
D:1:      minmay_arrival_stone_box, layout_rooms
D:2:      layout_rooms

Action                   || total
-------------------------++-------
Melee: Unarmed           ||    13
       Punch             ||     1
       Bite              ||     1
Armor: Robe              ||     1
Dodge: Dodged            ||     9
